 Dungeon Crawl Stone Soup version 0.30-a0-939-gc8157cb160 (webtiles) character file.

Game seed: 14257206990267380411

123 Jackthecabe the Cudgeller (level 4, 0/38 HPs)
             Began as a Draconian Fighter on Mar 26, 2023.
             Slain by an iguana (8 damage)
             ... on level 2 of the Dungeon.
             The game lasted 00:02:59 (1593 turns).

Jackthecabe the Cudgeller (Draconian Fighter)       Turns: 1593, Time: 00:03:00

Health: 0/38       AC:  6    Str: 20    XL:     4   Next: 79%
Magic:  4/4        EV: 12    Int:  8    God:
Gold:   82         SH:  4    Dex: 11    Spells: 3/3 levels left

rFire   . . .      SeeInvis .    a - +0 flail
rCold   . . .      Faith    .    b - +0 buckler
rNeg    . . .      Spirit   .    (body armour unavailable)
rPois   .          Reflect  .    (helmet restricted)
rElec   .          Rampage  .    (no cloak)
rCorr   .                        h - +0 pair of gloves
Will    .....                    (no boots)
Stlth   +                        (no amulet)
HPRegen 0.26/turn                (no ring)
MPRegen 0.09/turn                (no ring)

@: mighty
A: AC +5, unfitting armour, cold-blooded
a: no special abilities


You were on level 2 of the Dungeon.
You visited 1 branch of the dungeon, and saw 3 of its levels.

You collected 82 gold pieces.


Innate Abilities, Weirdness & Mutations

Your plain brown scales are hard. (AC +5)
You cannot fit into any form of body armour.
You are cold-blooded and may be slowed by cold attacks.


   Skills:
 - Level 3.2 Fighting
 + Level 5.1 Maces & Flails
 - Level 2.6 Dodging
 - Level 3.0 Shields


You had 3 spell levels left.
You didn't know any spells.
Your spell library was empty.

Inventory:

Hand Weapons
 a - a +0 flail (weapon)
Armour
 b - a +0 buckler (worn)
 h - a +0 pair of gloves (worn)
 m - the +2 tower shield "Woytt" {rPois}
   (You found it on level 2 of the Dungeon)

   rPois:     It protects you from poison.
Magical Staves
 d - a staff of fire {!a}
Jewellery
 C - a ring of ice
Scrolls
 e - a scroll of teleportation {unknown}
 i - 3 scrolls of immolation {unknown}
 l - a scroll of enchant weapon {unknown}
 q - a scroll of fog {unknown}
Potions
 f - 2 potions of ambrosia {unknown}
 g - 2 potions of brilliance {unknown}
 j - a potion of flight {unknown}
 k - 2 potions of berserk rage {unknown}
 n - a potion of curing {unknown}
 o - a potion of heal wounds {unknown}
 p - a potion of mutation {unknown}

Dungeon Overview and Level Annotations

Branches:
Dungeon (3/15)

Altars:

Annotations:
D:3 Natasha

##### #.<.# #...#
## #...#
########## ###.
#...# #........#
#... #...#
#.....@l.# ###.
#...# #........#
###.
#..†####........#
###...
#...............#
#...#.
#...####........#
###.####
#.....##........#
#...# ##
#####†..........#
###.#####.
####........#
#.........
#.##.#####
#..###...#


You could see an iguana.


Message History

The ball python misses you. You block the ball python's attack.
The ball python closely misses you.
You sock the ball python!
You kill the ball python!
You closely miss the ball python. The ball python bites you.
The ball python misses you. The ball python barely misses you.
The ball python misses you.
You thump the ball python!
You kill the ball python!
The iguana bites you! The iguana attacks as you move away!
You block the iguana's attack. The iguana attacks as you move away!
The iguana bites you.
* * * LOW HITPOINT WARNING * * *
The iguana attacks as you move away!
The iguana bites you but does no damage.
The iguana attacks as you move away! The iguana barely misses you.
There is a stone staircase leading up here.
The iguana bites you!
* * * LOW HITPOINT WARNING * * *
You climb upwards.
There is a stone staircase leading down here.
Okay, then.
You have nothing you can fire or use right now.
You aren't carrying any items that you can evoke.
You feel very mighty all of a sudden. The iguana barely misses you.
You hit the iguana.
The iguana is heavily wounded.
The iguana bites you!
You die...

Skill      XL: |  1  2  3  4 |
---------------+-------------+-----
Maces & Flails | 3 4 5 |  5.1
Fighting       | |  3.2
Dodging        | |  2.6
Shields        | |  3.0

Action                     |  1- 3 |  4- 6 || total
---------------------------+-------+-------++-------
  Melee: Flail             |    94 |    68 ||   162
         Tailslap          |     5 |     6 ||    11
    Use: Potion            |       |     1 ||     1
   Stab: Sleeping          |     1 |     1 ||     2
 Armour: Skin              |    34 |    25 ||    59
  Dodge: Dodged            |    56 |    69 ||   125
  Block: Buckler           |    25 |    28 ||    53

Levels and vault maps discovered:
D:1:      scummos_arrival_gate, layout_loops_cross
D:2:      layout_rooms, uniq_jessica
D:3:      layout_rooms, small_statue_alley_b, minmay_starry_boxes, uniq_natasha

Notes
Turn   | Place    | Note
-------+----------+-------------------------------------------
     0 | D:1      | Jackthecabe the Draconian Fighter began the quest for the
                  | Orb.
     0 | D:1      | Reached XP level 1. HP: 19/19 MP: 1/1
   184 | D:1      | Reached XP level 2. HP: 26/26 MP: 2/2
   262 | D:1      | Reached skill level 3 in Maces & Flails
   576 | D:1      | Reached XP level 3. HP: 31/31 MP: 3/3
   784 | D:2      | Noticed Jessica
   793 | D:1      | Reached skill level 4 in Maces & Flails
   824 | D:2      | Killed Jessica
   825 | D:2      | Reached XP level 4. HP: 32/38 MP: 4/4
   971 | D:2      | Identified the +2 tower shield "Woytt" {rPois}
  1441 | D:3      | Reached skill level 5 in Maces & Flails
  1524 | D:3      | Noticed a phantom
  1528 | D:3      | Noticed Natasha
  1593 | D:2      | Slain by an iguana

Vanquished Creatures
  Jessica (D:2)
  3 adders
  2 worms (D:2)
  2 dart slugs
  6 orcs (D:3)
  4 bats
  An endoplasm (D:1)
  4 giant cockroaches
  3 goblins
  7 hobgoblins
  4 quokkas
  4 ball pythons
  3 frilled lizards (D:1)
  6 kobolds
  6 rats
56 creatures vanquished.

Table legend: (Time is in decaauts)
 A = Elapsed time spent in this place.
 B = Non-inter-level travel time spent in this place.
 C = Inter-level travel time spent in this place.
 D = Time resting spent in this place.
 E = Time spent auto-exploring this place.
 F = Levels seen in this place.
 G = Mean time per level.
                   A        B        C        D        E       F      G
               +--------+--------+--------+--------+--------+-----+--------+
         Total |   1634 |   1547 |     87 |     22 |   1076 |   3 |  544.7 |
       Dungeon |   1634 |   1547 |     87 |     22 |   1076 |   3 |  544.7 |
               +--------+--------+--------+--------+--------+-----+--------+

Top non-repeatable levels by time:
     D:1: 807 daAuts
     D:2: 426 daAuts
     D:3: 400 daAuts

Table legend:
 A = Non-vault XP
 B = Vault XP
 C = Vault XP percentage of total XP
 D = Non-vault monster count
 E = Vault monster count
 F = Vault count percentage of total count
                 A         B        C        D         E       F
            +---------+---------+-------+---------+---------+-------
      Total |     138 |      38 |  21.6 |      54 |       2 |   3.6
            +---------+---------+-------+---------+---------+-------
        D:1 |      59 |       0 |   0.0 |      29 |       0 |   0.0
        D:2 |      41 |      37 |  47.4 |      14 |       1 |   6.7
        D:3 |      38 |       1 |   2.6 |      11 |       1 |   8.3
            +---------+---------+-------+---------+---------+-------
